 Dungeon Crawl Stone Soup version 0.29.1-15-g9cfb28693d (webtiles) character file.

Game seed: 1917252912337663709

1327 croobank the Sneak (level 8, -21/46 HPs)
             Began as an Octopode Conjurer on Apr 17, 2023.
             Was a Follower of Hepliaklqana.
             Demolished by a two-headed ogre
             ... wielding a +0 giant club
              (23 damage)
             ... on level 6 of the Dungeon on Apr 18, 2023.
             The game lasted 00:16:51 (6911 turns).

croobank the Sneak (Octopode Conjurer)              Turns: 6911, Time: 00:16:52

Health: -21/46     AC:  5    Str:  6    XL:     8   Next: 60%
Magic:  1/14       EV: 15    Int: 23    God:    Hepliaklqana [*.....]
Gold:   176        SH:  0    Dex: 16    Spells: 9/15 levels left

rFire   . . .      SeeInvis .   e - +0 dagger
rCold   . . .      Faith    .   (no shield)
rNeg    + . .      Spirit   .   (helmet restricted)
rPois   .          Reflect  .   (no amulet)
rElec   .          Harm     .   c - ring of willpower
rCorr   .          Rampage  .   d - +6 ring of dexterity
Will    +....                   p - +4 ring of protection
Stlth   ++++......              w - ring of positive energy
HPRegen 0.15/turn               z - +4 ring of slaying
MPRegen 0.14/turn               (no ring)
                                (no ring)
                                (no ring)

@: no status effects
A: reduced essence, almost no armour, amphibious, 8 rings, camouflage 1,
gelatinous body 1, (nimble swimmer 1), tentacles
a: Renounce Religion, Recall Ancestor, Ancestor Identity


You were on level 6 of the Dungeon.
You worshipped Hepliaklqana.
Hepliaklqana was aware of your devotion.
You visited 1 branch of the dungeon, and saw 6 of its levels.

You collected 176 gold pieces.

Inventory:

Hand Weapons
 b - a +0 whip
 e - a +0 dagger (weapon)
 l - a +0 short sword
 u - a +0 war axe
Missiles
 i - 2 atropa-tipped darts
 m - 5 javelins
Jewellery
 c - a ring of willpower (left tentacle)
 d - a +6 ring of dexterity (right tentacle)
 p - a +4 ring of protection (on tentacle)
 w - a ring of positive energy (on tentacle)
 z - a +4 ring of slaying (on tentacle)
Scrolls
 h - a scroll of identify
 y - a scroll of teleportation
 B - a scroll of enchant weapon {unknown}
Potions
 a - a potion of magic
 f - a potion of attraction
 g - a potion of flight
 j - 3 potions of brilliance
 n - a potion of ambrosia {unknown}
 o - 5 potions of curing {unknown}
 q - 4 potions of heal wounds {unknown}
 r - 2 potions of might {unknown}
 s - a potion of cancellation {unknown}
 v - 2 potions of lignification {unknown}
 x - a potion of mutation {unknown}
 A - 2 potions of haste {unknown}


   Skills:
 + Level 3.5 Fighting
 + Level 4.2 Dodging
 + Level 6.0 Stealth
 + Level 4.0 Spellcasting
 + Level 5.5 Conjurations
 + Level 2.5 Hexes
 * Level 4.9 Invocations


You had 9 spell levels left.
You knew the following spells:

 Your Spells              Type           Power      Damage    Failure   Level
a - Magic Dart            Conj           100%       1d8       1%          1
b - Searing Ray           Conj           58%        2d6       1%          2
c - Dazzling Flash        Conj/Hex       46%        N/A       6%          3

Your spell library contained the following spells:

 Spells                   Type           Power      Damage    Failure   Level
 Ensorcelled Hibernation  Hex/Ice        20%        N/A       10%         2
 Summon Small Mammal      Summ           16%        N/A       11%         1
 Summon Guardian Golem    Hex/Summ       10%        N/A       19%         3
 Fulminant Prism          Conj/Hex       11%        3d9       21%         4
 Call Canine Familiar     Summ           4%         N/A       30%         3
 Spider Form              Tmut/Pois      4%         N/A       30%         3
 Iskenderun's Mystic Bla  Conj/Tloc      17%        2d5       32%         4
 Anguish                  Hex/Necr       5%         N/A       52%         4
 Silence                  Hex/Air        5%         N/A       86%         5
 Agony                    Necr           4%         N/A       96%         5


Dungeon Overview and Level Annotations

Branches:
Dungeon (6/15)
 Temple: D:4-7

Altars:
Hepliaklqana
Wu Jian
Xom

Annotations:
D:4 1 runed translucent door, wextippler1's ghost, amateur DsEn
D:5 3 runed translucent doors, Temi's ghost, novice MiBe


Innate Abilities, Weirdness & Mutations

Your life essence is reduced to manifest your ancestor. (-10% HP)
You cannot wear most types of armour.
You are amphibious.
You can wear up to eight rings at the same time.
Your skin changes colour to match your surroundings (Stealth+).
Your rubbery body absorbs attacks. (AC +1, EV +1)
((You are camouflaged when in or above water. (Stealth+)))
You have tentacles for arms and can constrict up to eight enemies at once.


Message History

Casting: Searing Ray (safe; 1% risk of failure)
Confirm with . or Enter, or press ? or * to list all spells.
Aiming: Searing Ray (safe; 1% risk of failure)
Press: ? - help, Shift-Dir - straight line, f/p - two-headed ogre
Aim: a two-headed ogre, wielding two +0 giant clubs (heavily wounded, 90% to hit)
The searing ray hits the two-headed ogre!
The two-headed ogre is heavily wounded. (Press . to maintain the ray.)
The searing ray hits the two-headed ogre!
The two-headed ogre is severely wounded.
The searing ray hits the two-headed ogre!
The two-headed ogre is almost dead.
The searing ray hits the two-headed ogre.
The two-headed ogre is almost dead.
You finish channelling your searing ray.
The two-headed ogre hits you with a +0 giant club!!
Ouch! That really hurt!
The two-headed ogre hits you with a +0 giant club!
* * * LOW HITPOINT WARNING * * *
What are your orders? t - Shout!
Orders for allies: a - Attack new target. p - Attack previous target. r - Retreat! s - Stop attacking. g - Guard the area. f - Follow me.
Anything else - Cancel.
Gang up on whom?
Press: ? - help, Dir - move target, f/p - two-headed ogre
Aim: a two-headed ogre, wielding two +0 giant clubs (almost dead)
Okay, then.
You aren't carrying any items that you can evoke.
Unknown command.
Okay, then.
Okay, then.
Casting: Searing Ray (safe; 1% risk of failure)
Confirm with . or Enter, or press ? or * to list all spells.
Casting: Dazzling Flash (dangerous; 6% risk of failure)
Press: ? - help, Dir - look around, f - activate The two-headed ogre hits you with a +0 giant club!!
Ouch! That really hurt!
You die...

### ### #.##### ### ..#
##.##.# #.# # ..##
##...# #.## .##. ...##
###.## #..####....
#...###....###...#......
............#......#
....#######...##...#
.##.# ##.###@..# .##..#
#.# #O..# .##..# #.#
#...# .###.# #.# #...#
.. .. ... #...# 8. ...
.....# ... .......
#.##..#####.. .# ...


You could see a two-headed ogre.

Vanquished Creatures
  A troll (D:5)
  A steam dragon (D:5)
  2 black bears
  An ice beast (D:5)
  An ogre (D:4)
  A necrophage (D:5)
  A howler monkey (D:3)
  4 hounds
  An orc priest (D:4)
  A jelly (D:5)
  An iguana (D:5)
  An orc wizard (D:4)
  4 adders
  3 gnolls (D:4)
  A white imp (D:5)
  A worm (D:2)
  2 dart slugs
  5 orcs
  9 ball pythons
  8 bats
  9 endoplasms
  5 giant cockroaches
  5 goblins
  13 hobgoblins
  4 jackals (D:1)
  5 quokkas
  A frilled lizard (D:2)
  7 kobolds
  6 rats
104 creatures vanquished.

Vanquished Creatures (collateral kills)
  2 scorpions (D:5)
2 creatures vanquished.

Vanquished Creatures (others)
  3 ancestors
  3 plants (D:3)
6 creatures vanquished.

Grand Total: 112 creatures vanquished

Notes
Turn   | Place    | Note
-------+----------+-------------------------------------------
     0 | D:1      | croobank the Octopode Conjurer began the quest for the Orb.
     0 | D:1      | Reached XP level 1. HP: 11/11 MP: 3/3
   133 | D:1      | Reached skill level 3 in Stealth
   133 | D:1      | Reached XP level 2. HP: 17/17 MP: 0/5
   265 | D:1      | Learned a level 2 spell: Searing Ray
   477 | D:1      | Reached XP level 3. HP: 22/22 MP: 0/6
   543 | D:1      | Learned a level 3 spell: Dazzling Flash
  1091 | D:1      | Reached skill level 1 in Fighting
  1522 | D:2      | Reached XP level 4. HP: 13/28 MP: 1/7
  2435 | D:2      | Found an ornate altar of the Wu Jian Council.
  2761 | D:3      | Found a hazy altar of Hepliaklqana.
  2793 | D:3      | Became a worshipper of Hepliaklqana the Forgotten
  3305 | D:3      | Reached skill level 4 in Stealth
  3305 | D:3      | Reached XP level 5. HP: 34/34 MP: 3/9
  3481 | D:3      | Reached skill level 1 in Invocations
  4400 | D:4      | Reached XP level 6. HP: 39/39 MP: 3/10
  4569 | D:4      | Found a runed translucent door.
  4574 | D:4      | Noticed wextippler1's ghost (amateur DsEn)
  4755 | D:4      | Noticed a black bear
  4760 | D:4      | Killed a black bear
  4904 | D:4      | Found a shimmering altar of Xom.
  5020 | D:4      | Reached skill level 1 in Hexes
  5020 | D:4      | Reached XP level 7. HP: 25/45 MP: 3/11
  5289 | D:5      | Entered Level 5 of the Dungeon
  5402 | D:5      | Reached skill level 5 in Conjurations
  5480 | D:5      | Reached skill level 5 in Stealth
  5592 | D:5      | Reached * piety under Hepliaklqana
  5866 | D:5      | Found a runed translucent gate.
  5866 | D:5      | Found a runed translucent gate.
  5866 | D:5      | Found a runed translucent gate.
  5868 | D:5      | Noticed Temi's ghost (novice MiBe)
  5989 | D:5      | Noticed a troll
  5995 | D:5      | Killed a troll
  5996 | D:5      | Reached XP level 8. HP: 20/46 MP: 9/13
  6438 | D:5      | Reached skill level 6 in Stealth
  6896 | D:6      | Noticed a two-headed ogre
  6910 | D:6      | HP: 2/46 [two-headed ogre/+0 giant club (13)]
  6911 | D:6      | Demolished by a two-headed ogre

Illustrated notes

Levels and vault maps discovered:
D:1:      erik_arrival_blinker_ship, layout_loops_cross
D:2:      layout_loops_ring, basic_altar
D:3:      layout_loops_ring, nicolae_hepliaklqana_hazy_memory,
          minmay_strange_pillars
D:4:      layout_basic, kennysheep_little_box, ebering_ghost_reflecting_pool,
          serial_curves, eino_curves_02, eino_curves_03, amethyst_killhole
D:5:      layout_basic, gammafunk_ghost_necromancy
D:6:      layout_layer_cave, jmf_multi_god_temple,
          ebering_ghost_reflecting_pool, uniq_sigmund

Skill      XL: |  1  2  3  4  5  6  7  8 |
---------------+-------------------------+-----
Stealth        | 3 4 5 6 |  6.0
Fighting       | 1 2 3 |  3.5
Invocations    | 2 3 4 |  4.9
Dodging        | 3 4 |  4.2
Spellcasting   | 3 4 |  4.0
Hexes          | 1 2 |  2.5
Conjurations   | 5 |  5.5

Action                   |  1- 3 |  4- 6 |  7- 9 || total
-------------------------+-------+-------+-------++-------
Melee: Unarmed           |     5 |       |       ||     5
       Tentacles         |     8 |     1 |     1 ||    10
       Constrict         |     7 |     1 |     3 ||    11
       Dagger            |    20 |     3 |    10 ||    33
       Whip              |     7 |       |       ||     7
 Cast: Magic Dart        |    49 |     6 |     6 ||    61
       Searing Ray       |     4 |    44 |    22 ||    70
       Dazzling Flash    |       |       |     1 ||     1
  Use: Scroll            |       |     5 |     5 ||    10
 Stab: Sleeping          |     5 |       |     1 ||     6
       Distracted        |       |       |     1 ||     1
Armor: Skin              |     3 |     6 |     2 ||    11
Dodge: Dodged            |    20 |    10 |    18 ||    48
